 Dungeon Crawl Stone Soup version 0.22.1-5-g62c59d919a (webtiles) character file.

51640 Peloso the Fencer (level 14, -3/127 HPs)
             Began as a Minotaur Fighter on Jan 13, 2019.
             Was the Champion of Okawaru.
             Slain by a death yak (6 damage)
             ... on level 6 of the Lair of Beasts.
             The game lasted 00:54:14 (22554 turns).

Peloso the Fencer (Minotaur Fighter)               Turns: 22554, Time: 00:54:14

Health: -3/127     AC: 20    Str: 24    XL:     14   Next: 24%
Magic:  14/14      EV:  2    Int:  5    God:    Okawaru [******]
Gold:   1637       SH:  0    Dex: 15    Spells: 13/13 levels left

rFire    + . .     SeeInvis .   a - +5 double sword (elec)
rCold    . . .     Gourm    .   c - +0 shield
rNeg     + + +     Faith    .   i - +3 chain mail
rPois    ∞         Spirit   .   (helmet restricted)
rElec    .         Reflect  .   p - +1 cloak {rF+}
rCorr    +         Harm     .   t - +0 pair of gloves {Dex+3}
MR       +....                  (no boots)
Stlth    ..........             N - amulet of the acrobat
HPRegen  0.31/turn              k - ring of resist corrosion
MPRegen  0.14/turn              V - -2 ring of evasion (curse)

@: petrified
A: retaliatory headbutt, horns 2
a: Heroism, Finesse, Renounce Religion


You were on level 6 of the Lair of Beasts.
You worshipped Okawaru.
Okawaru was exalted by your worship.
You were hungry.

You visited 2 branches of the dungeon, and saw 18 of its levels.
You also visited: Bailey and Volcano.

You collected 1637 gold pieces.

Inventory:

Hand Weapons
 a - a +5 double sword of electrocution (weapon)
 b - a +2 demon blade of pain
 l - a +1 falchion of flaming
 m - a +4 scimitar
 w - a +3 falchion of holy wrath
Armour
 c - a +0 shield (worn)
 i - a +3 chain mail (worn)
 n - a +0 cloak
 o - a +1 pair of gloves
 p - a +1 cloak of fire resistance (worn)
 t - a +0 pair of gloves of dexterity (worn)
Jewellery
 k - a ring of resist corrosion (left hand)
 N - an amulet of the acrobat (around neck)
 V - a cursed -2 ring of evasion (right hand)
Wands
 x - a wand of clouds (7)
 y - a wand of enslavement (12)
 C - a wand of digging (2)
 H - a wand of disintegration (14)
Scrolls
 e - 7 scrolls of remove curse
 j - 3 scrolls of teleportation
 r - a scroll of magic mapping
 s - 3 scrolls of enchant weapon
 u - 4 scrolls of identify
 v - a scroll of amnesia
 B - 3 scrolls of random uselessness {unknown}
 G - 2 scrolls of fog {unknown}
 J - a scroll of holy word {unknown}
 K - 3 scrolls of vulnerability {unknown}
 O - a scroll of immolation {unknown}
 R - 5 scrolls of fear {unknown}
Potions
 d - 5 potions of might
 g - 7 potions of curing
 h - a potion of haste
 q - a potion of brilliance
 z - a potion of mutation {unknown}
 A - a potion of flight
 E - 2 potions of agility
 L - 2 potions of berserk rage
 M - 4 potions of heal wounds
 W - 2 potions of invisibility
Comestibles
 f - 35 rations
 D - a chunk of flesh


   Skills:
 + Level 12.9 Fighting
 + Level 16.3 Long Blades
   Level 3.7 Maces & Flails
 + Level 14.9 Armour
 + Level 5.7 Dodging
 + Level 1.6 Stealth
 + Level 14.8 Shields
 + Level 2.3 Invocations
 + Level 0.7 Evocations


You had 13 spell levels left.
You didn't know any spells.
Your spell library contained the following spells:

 Spells                   Type           Power        Failure   Level  Hunger
 Animate Skeleton         Necr           N/A          92%         1    ##.....
 Apportation              Tloc           #.....       92%         1    ##.....
 Confusing Touch          Hex            #.....       92%         1    ##.....
 Summon Small Mammal      Summ           #...         92%         1    ##.....
 Confuse                  Hex            #.......     100%        3    ####...
 Gell's Gravitas          Tloc           #.........   100%        3    ####...
 Petrify                  Tmut/Erth      #.......     100%        4    #####..
 Metabolic Englaciation   Hex/Ice        #.........   100%        5    ######.
 Yara's Violent Unravell  Hex/Tmut       #.........   100%        5    ######.


Dungeon Overview and Level Annotations

Branches:
Dungeon (12/15)            Temple (0/1) D:5            Lair (6/6) D:8
 Shoals (0/4) Lair:4       Spider (0/4) Lair:4        Slime (0/5) Lair:5
    Orc (0/2) D:10

Altars:
Ashenzari
Elyvilon
Fedhas
Gozag
Hepliaklqana
Kikubaaqudgha
Nemelex Xobeh
Okawaru
Trog
Uskayaw
Vehumet
Wu Jian
Xom
Zin
The Shining One
Beogh
Jiyva

Annotations:
D:7 1 runed door, Skippwaahh's ghost, novice VSTm
Lair:2 exclusion: oklob plant
Lair:6 1 runed door, Riddle's ghost, journeyman GnEE


Innate Abilities, Weirdness & Mutations

You reflexively headbutt those who attack you in melee.
You have a pair of horns on your head.


Message History

The death yak gores you but does no damage.
The death yak gores you!
* * * LOW HITPOINT WARNING * * *
The catoblepas gores you!
* * * LOW HITPOINT WARNING * * *
The catoblepas gores you!
* * * LOW HITPOINT WARNING * * *
The death yak gores you but does no damage.
The death yak gores you!
* * * LOW HITPOINT WARNING * * *
The catoblepas gores you but does no damage.
The death yak gores you.
* * * LOW HITPOINT WARNING * * *
The catoblepas gores you!!
* * * LOW HITPOINT WARNING * * *
The catoblepas gores you but does no damage.
The death yak gores you!
* * * LOW HITPOINT WARNING * * *
The death yak gores you!
You die...

### #....8.....#
## ###.8††..8..#
.## #....†8.8..##
.P###
##..##.....##
....###..####P...#
........## ##..##
# .###P..##
#..####.# .#
##..P# ##..#Y..#
## #P..## #..@YY#
# ##..### ##.####
## ##...## #.#
.### ###..### #.#
...## ##....# #.#
#..P###.....# #.#
##...#......# #.#
##........## ..
###P##..##


You could see a death yak, a catoblepas and a yak.

Vanquished Creatures
  4 hydras
  The ghost of Qolokyfu the Brawler, a journeyman TrEE of Nemelex Xobeh (Lair:1)
  2 catoblepae (Lair:6)
  4 two-headed ogres
  6 death yaks (Lair:6)
  Nergalle (D:12)
  Sonja (D:10)
  An unseen horror (D:10)
  A wizard (D:9)
  Pikel (D:7)
  An orc sorcerer (D:9)
  3 manticores
  Psyche (D:11)
  5 black mambas
  7 elephants
  13 spiny frogs
  A torpor snail (Lair:6)
  2 rime drakes (Lair:4)
  A demonic crawler (Lair:4)
  2 komodo dragons (Lair:5)
  2 trolls
  A queen bee (D:8)
  6 slime creatures (D:12)
  A blink frog (Lair:5)
  8 hippogriffs
  A shadow (D:11)
  A vampire (D:11)
  A wraith (D:10)
  61 yaks
  4 fire elementals
  A wyvern (D:12)
  4 hungry ghosts
  11 water moccasins
  Duvessa (D:7)
  8 porcupines
  18 orc warriors
  4 ice beasts
  2 sky beasts
  A slave (D:7)
  A black bear (D:10)
  4 ogres
  18 centaurs
  17 wolves
  12 crocodiles
  A big kobold (D:8)
  16 bullfrogs
  2 earth elementals (Volcano)
  Dowan (D:7)
  A water moccasin zombie (D:6)
  A wyvern skeleton (D:9)
  14 killer bees (D:8)
  6 scorpions
  9 wights
  2 electric eels (Lair:1)
  10 howler monkeys
  A crimson imp (D:9)
  4 hounds
  4 bullfrog skeletons
  A centaur skeleton (D:9)
  10 orc priests
  3 jellies
  A gnoll shaman (D:9)
  An iguana (D:10)
  7 orc wizards
  10 worker ants
  Ijyb (D:5)
  A killer bee zombie (D:8)
  3 hound skeletons
  A hound zombie (D:6)
  A worker ant zombie (D:7)
  22 gnolls
  14 adders
  3 shadow imps
  2 oozes
  An adder skeleton (D:7)
  3 worms
  A dart slug (D:1)
  9 leopard geckos
  74 orcs
  6 giant cockroaches
  10 goblins
  14 hobgoblins
  9 jackals
  4 quokkas
  9 bats
  9 frilled lizards
  A jackal skeleton (D:4)
  A jackal zombie (D:8)
  11 kobolds
  A leopard gecko skeleton (D:8)
  A quokka skeleton (D:5)
  6 rats
  A plant (Lair:1)
570 creatures vanquished.

Vanquished Creatures (others)
  3 fungi
  16 plants
19 creatures vanquished.

Grand Total: 589 creatures vanquished

Notes
Turn   | Place    | Note
-------+----------+-------------------------------------------
     0 | D:1      | Peloso the Minotaur Fighter began the quest for the Orb.
     0 | D:1      | Reached XP level 1. HP: 19/19 MP: 0/0
   144 | D:1      | Reached XP level 2. HP: 27/27 MP: 1/1
   450 | D:1      | Reached skill level 3 in Long Blades
   571 | D:1      | Reached XP level 3. HP: 33/33 MP: 2/2
  1358 | D:2      | Found a faded altar of an unknown god.
  1493 | D:2      | Found a bloodstained altar of Trog.
  1585 | D:2      | Found a glowing silver altar of Zin.
  1644 | D:2      | Reached XP level 4. HP: 32/40 MP: 3/3
  1817 | D:2      | Found an ornate altar of the Wu Jian Council.
  1932 | D:3      | Found a shimmering altar of Xom.
  1932 | D:3      | Found a shimmering altar of Xom.
  1933 | D:3      | Found a shimmering altar of Xom.
  1934 | D:3      | Found a shimmering altar of Xom.
  1946 | D:3      | Found a shimmering altar of Xom.
  1946 | D:3      | Found a shimmering altar of Xom.
  1951 | D:3      | Found a shimmering altar of Xom.
  1952 | D:3      | Reached skill level 4 in Long Blades
  1990 | D:3      | Found a hide-covered altar of Uskayaw.
  2075 | D:3      | Reached XP level 5. HP: 38/47 MP: 4/4
  2104 | D:3      | Reached skill level 1 in Dodging
  2165 | D:3      | Reached skill level 5 in Long Blades
  2247 | D:3      | Found a radiant altar of Vehumet.
  2342 | D:3      | Noticed a wyvern
  2342 | D:3      | Noticed a centaur
  2342 | D:3      | Noticed a hippogriff
  2701 | D:4      | Reached XP level 6. HP: 33/55 MP: 5/5
  2914 | D:4      | Found an ancient bone altar of Kikubaaqudgha.
  2945 | D:4      | Reached skill level 5 in Fighting
  2980 | D:4      | Reached skill level 5 in Shields
  3430 | D:4      | Found an iron altar of Okawaru.
  3581 | D:4      | Became a worshipper of Warmaster Okawaru
  3605 | D:4      | Reached skill level 5 in Armour
  3610 | D:4      | Reached XP level 7. HP: 58/61 MP: 6/6
  3726 | D:5      | Entered Level 5 of the Dungeon
  3754 | D:5      | Reached skill level 6 in Long Blades
  3860 | D:5      | Found a staircase to the Ecumenical Temple.
  4141 | D:5      | Noticed Ijyb
  4152 | D:5      | Killed Ijyb
  4209 | D:5      | You fall through a shaft for 2 floors!
  4244 | D:7      | Found a flagged portal.
  4266 | Bailey   | Entered a bailey
  4292 | Bailey   | Reached * piety under Okawaru
  4292 | Bailey   | Reached skill level 7 in Long Blades
  4788 | Bailey   | Reached XP level 8. HP: 47/69 MP: 4/7
  4954 | Bailey   | Reached ** piety under Okawaru
  5227 | Bailey   | Reached skill level 8 in Long Blades
  5813 | Bailey   | Reached skill level 1 in Invocations
  6103 | Bailey   | Reached XP level 9. HP: 20/75 MP: 8/8
  6474 | Bailey   | Reached skill level 9 in Long Blades
  6805 | D:7      | Noticed Duvessa
  6805 | D:7      | Noticed Dowan
  6819 | D:7      | Killed Duvessa
  6823 | D:7      | Killed Dowan
  6918 | D:7      | Reached *** piety under Okawaru
  6954 | D:7      | Found a runed door.
  6954 | D:7      | Found a shimmering altar of Xom.
  6954 | D:7      | Noticed Skippwaahh's ghost (novice VSTm)
  6955 | D:7      | Noticed a short sword of chaos
  7218 | D:7      | Noticed Pikel
  7250 | D:7      | Killed Pikel
  7250 | D:7      | Reached skill level 10 in Long Blades
  7407 | D:7      | Found a shattered altar of Ashenzari.
  7410 | D:7      | Found a hazy altar of Hepliaklqana.
  7413 | D:7      | Found a glowing golden altar of the Shining One.
  7924 | D:5      | Reached **** piety under Okawaru
  8259 | D:6      | Reached XP level 10. HP: 86/86 MP: 9/9
  8625 | D:5      | Found a glowing golden altar of the Shining One.
  8796 | D:8      | Noticed a two-headed ogre
  8810 | D:8      | Killed a two-headed ogre
  8810 | D:8      | Reached skill level 11 in Long Blades
  9001 | D:8      | Found a staircase to the Lair.
  9098 | D:8      | Found a sparkling altar of Nemelex Xobeh.
  9432 | D:8      | Reached ***** piety under Okawaru
  9433 | D:8      | Reached skill level 10 in Shields
  9476 | D:8      | Reached skill level 12 in Long Blades
  9794 | D:9      | Reached skill level 10 in Armour
  9795 | D:9      | Noticed a two-headed ogre
  9805 | D:9      | Killed a two-headed ogre
  9856 | D:9      | Noticed an eight-headed hydra
  9869 | D:9      | Killed an eight-headed hydra
  9869 | D:9      | Reached XP level 11. HP: 22/95 MP: 10/10
 10168 | D:9      | Noticed an orc sorcerer
 10168 | D:9      | Noticed a wizard
 10259 | D:9      | Reached skill level 1 in Maces & Flails
 10443 | D:9      | Killed an orc sorcerer
 10630 | D:9      | Noticed a two-headed ogre
 10637 | D:9      | Killed a two-headed ogre
 10651 | D:9      | Found an opulent altar of Gozag.
 10661 | D:9      | Killed a wizard
 10661 | D:9      | Reached skill level 13 in Long Blades
 10920 | D:9      | Noticed a two-headed ogre
 10928 | D:9      | Killed a two-headed ogre
 11113 | D:10     | Entered Level 10 of the Dungeon
 11113 | D:10     | Found a blossoming altar of Fedhas.
 11119 | D:9      | Received a gift from Okawaru
 11127 | D:9      | Got a steaming ring mail {god gift}
 11143 | D:9      | Identified the +0 ring mail "Agaasas" {Str+6 Dex+4}
                  | (Okawaru gifted it to you on level 9 of the Dungeon)
 11306 | D:10     | Found a roughly hewn altar of Beogh.
 11306 | D:10     | Found a staircase to the Orcish Mines.
 11716 | D:10     | Killed an unseen horror
 11725 | D:10     | Reached ****** piety under Okawaru
 12041 | D:10     | Noticed Sonja
 12051 | D:10     | Killed Sonja
 13091 | D:11     | Found an iron altar of Okawaru.
 13108 | D:11     | Noticed Psyche
 13121 | D:11     | Killed Psyche
 13231 | D:11     | Reached XP level 12. HP: 106/106 MP: 12/12
 13238 | D:11     | Reached skill level 10 in Fighting
 13244 | D:11     | Reached skill level 14 in Long Blades
 13875 | D:12     | Noticed Nergalle
 13884 | D:12     | Killed Nergalle
 14437 | D:12     | Found a white marble altar of Elyvilon.
 14743 | Lair:1   | Entered Level 1 of the Lair of Beasts
 14805 | Lair:1   | Noticed a four-headed hydra
 14825 | Lair:1   | Killed a four-headed hydra
 15343 | Lair:1   | Received a gift from Okawaru
 15674 | Lair:1   | Found a runed gate.
 15674 | Lair:1   | Found a runed gate.
 15674 | Lair:1   | Found a runed gate.
 15675 | Lair:1   | Noticed Qolokyfu's ghost (journeyman TrEE)
 15700 | Lair:1   | Killed Qolokyfu's ghost
 15881 | Lair:1   | Got a transparent ring mail
 15892 | Lair:1   | Identified the +3 ring mail "Bodis" {Slay+2 SInv} (You
                  | found it on level 1 of the Lair of Beasts)
 17242 | Lair:3   | Received a gift from Okawaru
 17256 | Lair:3   | Reached XP level 13. HP: 60/116 MP: 13/13
 17324 | Lair:3   | Found a dark tunnel.
 17393 | Volcano  | Entered a volcano
 18275 | Lair:4   | Found a hole to the Spider Nest.
 18335 | Lair:4   | Reached skill level 5 in Dodging
 18429 | Lair:4   | Reached skill level 15 in Long Blades
 18439 | Lair:4   | Reached skill level 1 in Stealth
 18446 | Lair:4   | Found a staircase to the Shoals.
 18733 | Lair:4   | Received a gift from Okawaru
 19695 | Lair:5   | Found a viscous altar of Jiyva.
 19695 | Lair:5   | Found a staircase to the Slime Pits.
 20305 | Lair:6   | Entered Level 6 of the Lair of Beasts
 20305 | Lair:6   | Found a runed door.
 20305 | Lair:6   | Found a shimmering altar of Xom.
 20305 | Lair:6   | Noticed Riddle's ghost (journeyman GnEE)
 20354 | Lair:5   | Received a gift from Okawaru
 21445 | Lair:6   | Received a gift from Okawaru
 21628 | Lair:6   | Reached skill level 16 in Long Blades
 21628 | Lair:6   | Reached XP level 14. HP: 126/127 MP: 14/14
 22162 | Lair:6   | Received a gift from Okawaru
 22552 | Lair:6   | HP: 6/127 [catoblepas (12)]
 22554 | Lair:6   | Slain by a death yak

Skill      XL: |  1  2  3  4  5  6  7  8  9 10 11 12 13 |
---------------+----------------------------------------+-----
Shields        | 4 5 6 7 9 10 11 13 14 | 14.8
Long Blades    | 3 4 5 7 8 10 12 13 14 16 | 16.3
Fighting       | 4 5 6 7 8 9 11 12 | 12.9
Armour         | 4 5 7 8 10 12 13 14 | 14.9
Dodging        | 1 2 3 4 5 |  5.7
Invocations    | 1 2 |  2.3
Maces & Flails | 2 3 |  3.7
Stealth        | 1 |  1.6
Evocations     | |  0.7

Action                   |  1- 3 |  4- 6 |  7- 9 | 10-12 | 13-15 || total
-------------------------+-------+-------+-------+-------+-------++-------
Melee: Long sword        |   147 |    35 |       |       |       ||   182
       Headbutt          |    23 |    29 |   105 |   219 |   118 ||   494
       Falchion          |       |   135 |   315 |   198 |     5 ||   653
       Scimitar          |       |       |    89 |   604 |       ||   693
       Whip              |       |       |       |    19 |     9 ||    28
       Double sword      |       |       |       |       |   340 ||   340
Invok: Heroism           |       |       |     8 |    12 |       ||    20
Evoke: Wand              |       |       |       |     9 |       ||     9
  Use: Scroll            |       |       |    10 |     8 |     4 ||    22
       Potion            |       |       |     1 |     1 |     1 ||     3
 Stab: Petrified         |       |       |       |       |     2 ||     2
  Eat: Chunk             |     2 |     6 |    16 |    23 |    17 ||    64
       Ration            |       |       |       |     3 |       ||     3
Armor: Scale mail        |    82 |    49 |    12 |       |       ||   143
       Plate armour      |       |       |    68 |       |       ||    68
       Chain mail        |       |       |    92 |   281 |   207 ||   580
Dodge: Dodged            |    41 |    58 |   121 |   205 |   164 ||   589
Block: Shield            |    79 |    99 |   299 |   449 |   279 ||  1205
       Rpst.: Long sword |    11 |     7 |       |       |       ||    18
       Falchion          |       |     6 |    20 |     9 |       ||    35
       Scimitar          |       |       |     7 |    55 |       ||    62
       Double sword      |       |       |       |       |    45 ||    45
